 Dungeon Crawl Stone Soup version 0.30-a0-341-g682706514a (webtiles) character file.

Game seed: 1086505106596573568

14168 ders the Geomancer (level 12, 0/88 HPs)
             Began as a Gargoyle Earth Elementalist on Nov 2, 2022.
             Was an Elder of Vehumet.
             Slain by a polar bear simulacrum (9 damage)
             ... in an ice cave on Nov 3, 2022.
             The game lasted 00:22:00 (11331 turns).

ders the Geomancer (Gargoyle Earth Elementalist)   Turns: 11331, Time: 00:22:00

Health: 0/88       AC: 26    Str:  8 (11) XL:     12   Next: 13%
Magic:  1/25       EV:  2    Int: 33 (34) God:    Vehumet [****..]
Gold:   246        SH:  3    Dex:  8 (10) Spells: 9/29 levels left

rFire   + . .      SeeInvis .    c - staff of poison
rCold   . . .      Faith    .    E - +1 buckler {rF+}
rNeg    + . .      Spirit   .    (body armour currently unavailable)
rPois   ∞          Reflect  .    (helmet currently unavailable)
rElec   .          Harm     .    (cloak currently unavailable)
rCorr   .          Rampage  .    (gloves currently unavailable)
Will    .....      NoTele   +    (boots currently unavailable)
Stlth   +++.......               (no amulet)
HPRegen 0.34/turn                r - +6 ring of intelligence
MPRegen 0.19/turn                w - +6 ring of intelligence

@: tree-form
A: stationary, stasis, torment immunity, boosted hp, sickness immunity, AC +8,
negative energy resistance 1, (electricity resistance), torment resistance 1,
petrification resistance, screaming 1
a: Renounce Religion


You were in an ice cave.
You worshipped Vehumet.
Vehumet was greatly pleased with you.
You were a tree.
You visited 2 branches of the dungeon, and saw 12 of its levels.
You also visited: Ice Cave.

You collected 786 gold pieces.
You spent 540 gold pieces at shops.

Inventory:

Hand Weapons
 o - a +0 whip of distortion
Missiles
 y - 2 throwing nets
Armour
 f - +0 steam dragon scales (melded)
 h - a +0 pair of gloves (melded)
 B - the +2 hood of the Assassin (melded) {Detection Stab+ Stlth++}
   (You acquired it on level 2 of the Lair of Beasts)

   It allows the wearer to sense nearby creatures.
   It allows the wearer to make particularly effective stabbing attacks against
   helpless or unaware enemies with any weapon.
   Stlth:     It makes you much more stealthy.
 C - a +0 pair of boots (melded)
 E - a +1 buckler of fire resistance (worn)
 G - a +0 cloak (melded)
 L - a +2 kite shield
 O - a +0 buckler
Magical Staves
 c - a staff of poison (weapon)
Jewellery
 j - an amulet of guardian spirit
 r - a +6 ring of intelligence (left branch)
 s - a ring of resist corrosion
 w - a +6 ring of intelligence (right branch)
 A - a +6 ring of strength
 H - a ring of positive energy
Wands
 l - a wand of digging (4)
 p - a wand of iceblast (18)
 z - a wand of acid (7)
 F - a wand of flame (27)
 I - a wand of paralysis (3)
 N - a wand of mindburst (3)
Scrolls
 b - 2 scrolls of summoning {unknown}
 e - 4 scrolls of butterflies
 g - 2 scrolls of vulnerability
 k - 2 scrolls of silence
 u - a scroll of enchant weapon
 J - 2 scrolls of enchant armour
 P - a scroll of poison
Potions
 a - a potion of berserk rage
 i - a potion of curing
 m - 2 potions of lignification
 n - 3 potions of might
 t - 2 potions of mutation


   Skills:
 * Level 6.7 Armour
 - Level 1.5 Dodging
 * Level 7.9 Stealth
 + Level 9.2 Spellcasting
 - Level 9.3 Conjurations
 + Level 3.7 Summonings
 + Level 3.7 Transmutations
 + Level 12.0 Earth Magic


You had 9 spell levels left.
You knew the following spells:

 Your Spells              Type           Power      Damage    Failure   Level
a - Sandblast             Erth           100%       2d20      1%          1
b - Stone Arrow           Conj/Erth      100%       3d13      1%          3
c - Passwall              Tmut/Erth      50%        N/A       1%          2
d - Borgnjor's Vile Clut  Necr/Erth      26%        N/A       10%         5
e - Flame Wave            Conj/Fire      45%        2d12      1%          4
f - Fireball              Conj/Fire      22%        3d10      4%          5

Your spell library contained the following spells:

 Spells                   Type           Power      Damage    Failure   Level
 Sticky Flame             Conj/Fire      45%        2d6       1%          4
 Magic Dart               Conj           100%       1d8       1%          1
 Call Imp                 Summ           39%        N/A       1%          2
 Mephitic Cloud           Conj/Pois/Air  52%        N/A       1%          3
 Petrify                  Tmut/Erth      61%        N/A       1%          4
 Animate Dead             Necr           15%        N/A       38%         4
 Dispel Undead            Necr           15%        3d10      38%         4
 Death Channel            Necr           7%         N/A       100%        6
 Infestation              Necr           7%         N/A       100%        8
 Death's Door             Necr           7%         N/A       100%        9
 Cigotuvi's Dreadful Rot  Necr/Pois/Air  Unusable   N/A       N/A         2

Dungeon Overview and Level Annotations

Branches:
Dungeon (10/15)            Temple (0/1) D:6            Lair (2/5) D:9
  IceCv (1/1)
  Swamp: Lair:2-3    Shoals: Lair:2-3     Snake: Lair:2-3    Spider: Lair:2-3
    Orc: D:9-12

Altars:
Dithmenos
Elyvilon
Fedhas
Gozag
Hepliaklqana
Kikubaaqudgha
Makhleb
Nemelex Xobeh
Qazlal
Sif Muna
Trog
Vehumet
Wu Jian
Xom
Yredelemnul
Zin

Shops:
D:3 (   D:7 *

Annotations:
D:8 2 transporters IceCv 1 transporter


Innate Abilities, Weirdness & Mutations

You are a tree.
Your roots penetrate the ground, keeping you stationary.
You cannot be teleported.
You are immune to unholy pain and torment.
Your maximum health is greatly increased.
Your equipment is partially melded.
You are immune to sickness and miasma.
((Your stone body is resilient. (AC +8)))
You are immune to poison.
You resist negative energy. (rN+)
((You are resistant to electric shocks. (rElec)))
You are resistant to unholy torment.
You are immune to petrification.
You occasionally shout uncontrollably at your foes.


Message History

The white ugly thing is engulfed in poison gas.
The white ugly thing looks as sick as possible!
The white ugly thing barely misses you.
Unknown command.
Okay, then.
Really quaff the potion of lignification?
You turn into a tree.
Your +0 cloak melds into your body.
The +2 hood of the Assassin {Detection Stab+ Stlth++} melds into your body.
Your +0 pair of gloves melds into your body.
Your +0 pair of boots melds into your body.
Your +0 steam dragon scales melds into your body.
Your roots penetrate the ground.
The wolf simulacrum bites you but does no damage. x2
The white ugly thing is engulfed in poison gas.
The white ugly thing looks as sick as possible!
You kill the white ugly thing!
Vehumet accepts your kill.
You feel your power returning.
Casting: Sandblast (safe; 1% risk of failure)
Confirm with . or Enter, or press ? or * to list all spells.
Casting: Flame Wave (dangerous; 1% risk of failure)
Press: ? - help, Dir - look around, f - activate A wave of flame ripples out!
The flame wave engulfs the wolf simulacrum!!
The wolf simulacrum melts!
The wolf simulacrum vaporises!
Vehumet accepts your kill. (Press . to intensify the flame waves.)
A wave of flame ripples out!
The flame wave engulfs the polar bear simulacrum.
The polar bear simulacrum is lightly damaged.
The polar bear simulacrum bites you but does no damage.
The polar bear simulacrum barely misses you.
The polar bear simulacrum claws you but does no damage.
A wave of flame ripples out!
The flame wave engulfs the polar bear simulacrum!
The polar bear simulacrum melts!
The polar bear simulacrum is almost destroyed.
The polar bear simulacrum bites you!
You die...

##### #..♣###
#...☼☼Z.☼#
#.....○○☼.☼##
#....○......##
.#.$..8.○.....#
..#8.?.☼.......#
.©#©©[(§§§...∩∩#
..#8.(..°○..°.○#
.8.......#


You could see a polar bear simulacrum.

Vanquished Creatures
  Pikel (D:6)
  An ugly thing (IceCv)
  Maurice (D:8)
  6 elephants
  A black mamba (Lair:1)
  13 cane toads
  A rime drake (Lair:2)
  2 komodo dragons (Lair:1)
  A shadow (D:9)
  2 wyverns (D:9)
  3 yaks (Lair:2)
  4 basilisks
  A wraith (D:9)
  2 steam dragons
  A vampire mosquito (D:9)
  3 water moccasins
  An orc warrior (D:8)
  An ice beast (D:7)
  5 black bears
  A sky beast (D:8)
  3 ogres
  4 wolves (Lair:2)
  7 centaurs
  3 lemures
  A kobold brigand (D:8)
  9 bullfrogs
  4 necrophages
  3 wights (D:8)
  A howler monkey (D:6)
  3 lava snakes (D:9)
  2 orc priests (D:6)
  5 hounds
  3 iguanas
  Terence (D:3)
  6 orc wizards
  3 polar bear simulacra (IceCv)
  A wolf simulacrum (IceCv)
  8 gnolls
  6 adders
  A shadow imp (D:5)
  14 white imps
  An ufetubus (D:7)
  3 dart slugs
  36 orcs
  3 ball pythons
  4 endoplasms
  4 giant cockroaches
  8 goblins
  5 hobgoblins
  3 jackals (D:5)
  4 kobolds
  3 quokkas
  3 bats
  12 frilled lizards
  9 rats
237 creatures vanquished.

Vanquished Creatures (others)
  An orc warrior (D:6)
  32 fungi
  17 plants
50 creatures vanquished.

Grand Total: 287 creatures vanquished

Notes
Turn   | Place    | Note
-------+----------+-------------------------------------------
     0 | D:1      | ders the Gargoyle Earth Elementalist began the quest for
                  | the Orb.
     0 | D:1      | Reached XP level 1. HP: 10/10 MP: 3/3
   167 | D:1      | Reached XP level 2. HP: 15/15 MP: 0/5
   247 | D:1      | Reached skill level 1 in Conjurations
   527 | D:1      | Reached skill level 4 in Earth Magic
   721 | D:2      | Reached XP level 3. HP: 19/19 MP: 2/6
   773 | D:2      | Learned a level 3 spell: Stone Arrow
  1159 | D:2      | Found a faded altar of an unknown god.
  1191 | D:2      | Found a shimmering blue altar of Sif Muna.
  1771 | D:3      | Noticed Terence
  1783 | D:3      | Killed Terence
  1784 | D:3      | Reached XP level 4. HP: 13/24 MP: 1/8
  1889 | D:3      | Found Walain's Weapon Boutique.
  1906 | D:3      | Found a shimmering altar of Xom.
  2640 | D:4      | Found an ornate altar of the Wu Jian Council.
  2652 | D:4      | Reached XP level 5. HP: 28/28 MP: 6/9
  2892 | D:4      | Reached skill level 5 in Earth Magic
  3289 | D:4      | Found a glowing silver altar of Zin.
  3290 | D:4      | Found a shadowy altar of Dithmenos.
  3290 | D:4      | Found an opulent altar of Gozag.
  3291 | D:4      | Found a radiant altar of Vehumet.
  3301 | D:4      | Became a worshipper of Vehumet
  3520 | D:4      | Found a hazy altar of Hepliaklqana.
  3520 | D:4      | Found a basalt altar of Yredelemnul.
  3542 | D:5      | Entered Level 5 of the Dungeon
  3551 | D:5      | Reached XP level 6. HP: 32/32 MP: 4/11
  3681 | D:5      | Noticed a black bear
  3685 | D:5      | Killed a black bear
  3814 | D:5      | Reached skill level 6 in Earth Magic
  3835 | D:5      | Reached XP level 7. HP: 36/36 MP: 0/13
  4534 | D:5      | Reached * piety under Vehumet
  4534 | D:5      | Offered knowledge of Shock by Vehumet.
  4633 | D:5      | Found an ancient bone altar of Kikubaaqudgha.
  4917 | D:6      | Noticed a steam dragon
  5013 | D:6      | Reached skill level 5 in Conjurations
  5106 | D:6      | Reached skill level 7 in Earth Magic
  5112 | D:6      | Reached skill level 5 in Spellcasting
  5112 | D:6      | Reached XP level 8. HP: 41/41 MP: 3/15
  5389 | D:6      | Found a staircase to the Ecumenical Temple.
  5393 | D:6      | Learned a level 2 spell: Passwall
  5574 | D:6      | Found a sparkling altar of Nemelex Xobeh.
  5614 | D:6      | Found a burning altar of Makhleb.
  5657 | D:6      | Offered knowledge of Momentum Strike by Vehumet.
  5663 | D:6      | Gained mutation: You occasionally shout uncontrollably at
                  | your foes. [potion of mutation]
  5831 | D:6      | Reached ** piety under Vehumet
  5870 | D:6      | Reached skill level 8 in Earth Magic
  5964 | D:7      | Found a bloodstained altar of Trog.
  5973 | D:7      | Noticed Pikel
  6161 | D:7      | Found a blossoming altar of Fedhas.
  6168 | D:6      | Killed Pikel
  6169 | D:6      | Reached XP level 9. HP: 11/45 MP: 1/18
  6301 | D:7      | Found a stormy altar of Qazlal.
  6307 | D:7      | Reached skill level 9 in Earth Magic
  6607 | D:7      | You fall into a shaft and drop 1 floor!
  6659 | D:8      | Found a white marble altar of Elyvilon.
  6741 | D:8      | Offered knowledge of Dazzling Flash by Vehumet.
  7022 | D:8      | Noticed Maurice
  7037 | D:8      | Killed Maurice
  7255 | D:7      | Found Mutasesk's General Store.
  7263 | D:7      | Bought a +6 ring of intelligence for 540 gold pieces
  7416 | D:8      | Reached skill level 10 in Earth Magic
  7527 | D:8      | Found a transporter.
  7595 | D:8      | Reached XP level 10. HP: 50/50 MP: 14/21
  7646 | D:8      | Found a transporter.
  8078 | D:9      | Found a staircase to the Lair.
  8078 | D:9      | Noticed an elephant
  8082 | D:9      | Reached *** piety under Vehumet
  8122 | D:9      | Killed an elephant
  8429 | D:9      | Reached skill level 1 in Transmutations
  8636 | D:9      | Reached skill level 11 in Earth Magic
  8789 | D:9      | Reached skill level 1 in Armour
  9112 | D:10     | Entered Level 10 of the Dungeon
  9158 | Lair:1   | Entered Level 1 of the Lair of Beasts
  9264 | Lair:1   | Noticed a cane toad
  9268 | Lair:1   | Killed a cane toad
  9269 | Lair:1   | Reached skill level 1 in Summonings
  9295 | Lair:1   | Offered knowledge of Flame Wave by Vehumet.
  9302 | Lair:1   | Learned a level 5 spell: Borgnjor's Vile Clutch
  9307 | Lair:1   | Learned a level 4 spell: Flame Wave
  9325 | Lair:1   | Noticed a cane toad
  9331 | Lair:1   | Killed a cane toad
  9468 | Lair:1   | Noticed an elephant
  9469 | Lair:1   | Noticed an elephant
  9471 | Lair:1   | Noticed an elephant
  9471 | Lair:1   | Noticed an elephant
  9472 | Lair:1   | Noticed an elephant
  9473 | Lair:1   | Killed an elephant
  9640 | Lair:1   | Reached XP level 11. HP: 54/54 MP: 12/23
  9755 | Lair:1   | Reached skill level 5 in Stealth
 10189 | Lair:1   | HP: 1/54 [cane toad (8)]
 10193 | Lair:1   | Reached skill level 5 in Armour
 10770 | Lair:2   | Identified 2 scrolls of acquirement
 10776 | Lair:2   | Acquired the +2 hood of the Assassin {Detection Stab+
                  | Stlth++}
 10776 | Lair:2   | Found the +2 hood of the Assassin {Detection Stab+ Stlth++}
 10785 | Lair:2   | Acquired Sif Muna's Almanac of Bloody Combustion
 10980 | Lair:1   | Learned a level 5 spell: Fireball
 11100 | Lair:2   | Reached **** piety under Vehumet
 11101 | Lair:2   | Reached XP level 12. HP: 58/59 MP: 6/25
 11254 | Lair:2   | Offered knowledge of Sticky Flame by Vehumet.
 11260 | Lair:2   | Found a frozen archway.
 11280 | Lair:2   | Reached skill level 12 in Earth Magic
 11308 | IceCv    | Entered an ice cave
 11323 | IceCv    | Found a transporter.
 11331 | IceCv    | Slain by a polar bear simulacrum

Illustrated notes

Levels and vault maps discovered:
D:1:      dpeg_arrival_signposts, layout_rooms
D:2:      layout_basic, ebering_ecumenical_altar_webs, basic_altar,
          grunt_ministairs_3
D:3:      layout_loops_ring, mainiacjoe_overflow_cross_hatched, serial_shops,
          shop, minmay_lizard_king, uniq_terence
D:4:      layout_loops_cross, chequers_temple_overflow_statue_of_worship,
          gammafunk_temple_overflow_elements, lemuel_crystal_altar
D:5:      layout_basic, general_overflow_altar
D:6:      layout_basic, gammafunk_temple_overflow_statue,
          minmay_temple_entry_hall
D:7:      layout_rooms, gammafunk_temple_overflow_forgotten, serial_shops, shop,
          hangedman_decor_riveting, uniq_pikel
D:8:      gammafunk_cloud_chamber, layout_basic,
          mainiacjoe_overflow_six_doors_small, abandoned_shop,
          chequers_hall_statues_y, uniq_maurice
D:9:      minmay_spotlight, layout_loops_ring, david_lair_generic,
          nicolae_concentric_dashed_squares_mild, kennysheep_pointless_box
D:10:     layout_cave_pods, minmay_orc_entry_temple_large
Lair:1:   layout_misc_corridors, beast_lair_carwin_7, grunt_megastairs_3,
          lemuel_fruit_tree
Lair:2:   layout_concentric_octagons, portal_ice_cave_entry_imps,
          grunt_megastairs_2, serial_bayou_shore_b
IceCv:    ice_cave_statue_garden_transporter

Skill      XL: |  1  2  3  4  5  6  7  8  9 10 11 12 |
---------------+-------------------------------------+-----
Conjurations   | 1 2 3 4 5 7 8 9 |  9.3
Earth Magic    | 4 5 6 7 8 10 11 12 | 12.0
Spellcasting   | 3 4 5 6 7 8 9 |  9.2
Transmutations | 2 3 |  3.7
Armour         | 3 6 |  6.7
Stealth        | 4 7 |  7.9
Summonings     | 1 3 |  3.7
Dodging        | |  1.5

Action                   |  1- 3 |  4- 6 |  7- 9 | 10-12 || total
-------------------------+-------+-------+-------+-------++-------
Melee: Unarmed           |    14 |       |       |       ||    14
       Staff             |     1 |    26 |     6 |     3 ||    36
 Cast: Sandblast         |    42 |    65 |    58 |    22 ||   187
       Stone Arrow       |     2 |    12 |    86 |   100 ||   200
       Borgnjor's Vile C |       |       |       |     4 ||     4
       Passwall          |       |       |       |     2 ||     2
       Flame Wave        |       |       |       |    12 ||    12
       Fireball          |       |       |       |     6 ||     6
  Use: Potion            |     1 |       |     5 |     6 ||    12
       Scroll            |       |       |     9 |    16 ||    25
Armor: Robe              |    12 |    21 |    10 |       ||    43
       Steam dragon scal |       |       |    40 |    64 ||   104
       Skin              |       |       |       |     4 ||     4
Dodge: Dodged            |    18 |    42 |    47 |    64 ||   171
Block: Buckler           |       |       |       |    11 ||    11

Table legend: (Time is in decaauts)
 A = Elapsed time spent in this place.
 B = Non-inter-level travel time spent in this place.
 C = Inter-level travel time spent in this place.
 D = Time resting spent in this place.
 E = Time spent auto-exploring this place.
 F = Levels seen in this place.
 G = Mean time per level.
                   A        B        C        D        E       F      G
               +--------+--------+--------+--------+--------+-----+--------+
         Total |  11392 |  11113 |    279 |   2313 |   7269 |  13 |  876.3 |
       Dungeon |   9366 |   9113 |    253 |   1820 |   6163 |  10 |  936.6 |
          Lair |   2002 |   1976 |     26 |    493 |   1106 |   2 | 1001.0 |
      Ice Cave |     23 |     23 |      0 |      0 |      0 |   1 |   23.0 |
               +--------+--------+--------+--------+--------+-----+--------+

Top non-repeatable levels by time:
  Lair:1: 1538 daAuts
     D:6: 1513 daAuts
     D:9: 1347 daAuts
     D:5: 1227 daAuts
     D:4: 1035 daAuts
     D:8: 979 daAuts
     D:3: 971 daAuts
     D:2: 878 daAuts
     D:1: 707 daAuts
     D:7: 703 daAuts
  Lair:2: 464 daAuts
   IceCv: 23 daAuts
    D:10: 1 daAuts
